 Dungeon Crawl Stone Soup version 0.31.0-9-g3a7656b989 (webtiles) character file.

Game seed: 754069998869665213

472 qw the Skirmisher (level 6, -2/35 HPs)
             Began as a Deep Elf Hunter on Feb 2, 2024.
             Slain by a sleepcap (5 damage)
             ... on level 4 of the Dungeon.
             The game lasted 00:00:10 (2782 turns).

qw the Skirmisher (Deep Elf Hunter)                 Turns: 2782, Time: 00:00:10

Health: -2/35      AC: 10    Str: 10    XL:     6   Next: 83%
Magic:  8/8        EV:  9    Int: 14    God:
Gold:   137        SH:  0    Dex: 18    Spells: 5/5 levels left

rFire   . . .        a - +1 shortbow
rCold   . . .        (shield currently unavailable)
rNeg    + . .        k - +0 scale mail
rPois   .            f - +0 helmet
rElec   .            b - +0 cloak
rCorr   .            i - +1 pair of gloves
SInv    .            (no boots)
Will    .....        (no amulet)
Stlth   +            l - ring of positive energy
HPRegen 0.25/turn    (no ring)
MPRegen 0.11/turn

%: no passive effects
@: no status effects
A: no striking features
a: no special abilities


You were on level 4 of the Dungeon.
You visited 1 branch of the dungeon, and saw 4 of its levels.

You collected 137 gold pieces.


   Skills:
 - Level 2.1 Fighting
 + Level 9.7 Ranged Weapons
 - Level 2.0 Armour
 - Level 3.0 Dodging
 - Level 1.2 Stealth


You had 5 spell levels left.
You didn't know any spells.
Your spell library was empty.

Inventory:

Hand Weapons
 a - a +1 shortbow (weapon)
Armour
 b - a +0 cloak (worn)
 c - a +0 ring mail
 f - a +0 helmet (worn)
 i - a +1 pair of gloves (worn)
 k - a +0 scale mail (worn)
Jewellery
 l - a ring of positive energy (left hand)
Potions
 g - a potion of curing
 h - a potion of mutation
 j - a potion of ambrosia {unknown}
 m - a potion of enlightenment {unknown}

Dungeon Overview and Level Annotations

Branches:
Dungeon (4/15)
 Temple: D:4-7

Altars:

Annotations:
D:3 Grinder


Message History

You are engulfed in a cloud of soporific spores!
You are unaffected.
The endoplasm freezes you.
You are frozen.
You shoot an arrow. The arrow hits the sleepcap.
The sleepcap is moderately damaged.
The orc hits you but does no damage. The sleepcap releases spores at you.
The endoplasm barely misses you.
The sleepcap releases spores at you but does no damage.
The endoplasm freezes you.
You are frozen.
The orc hits you with a +0 dagger.
You shoot an arrow. The arrow hits the sleepcap.
The sleepcap is heavily damaged.
The quokka bites you but does no damage.
The orc hits you with a +0 dagger. The sleepcap releases spores at you.
You are engulfed in a cloud of soporific spores!
You are unaffected.
The endoplasm hits you but does no damage.
You shoot an arrow.
The arrow completely misses the sleepcap.
The quokka barely misses you. The sleepcap barely misses you.
The orc hits you with a +0 dagger.
The endoplasm hits you but does no damage.
The quokka closely misses you.
You shoot an arrow. The arrow hits the sleepcap.
The sleepcap is severely damaged.
The sleepcap releases spores at you but does no damage.
The orc closely misses you.
The endoplasm hits you but does no damage.
The quokka bites you but does no damage.
You shoot an arrow. The arrow hits the sleepcap!
The sleepcap is almost destroyed.
The quokka barely misses you. The sleepcap misses you.
The orc hits you but does no damage.
The endoplasm hits you but does no damage.
The quokka bites you.
You shoot an arrow. The arrow hits the sleepcap.
The sleepcap is almost destroyed.
The orc hits you but does no damage. The sleepcap releases spores at you.
You die...

###......# #..# ..
###........## #..# ...
............###..# ....
#.............###
....###.........#.....##
#...............##.....
##..............##......
......of........(##...).
#.#.gJ@................
#..r...##.........(..
..........##..........>.
.......!................
.......?..........#...##
.........#........###...
........##.#.....## ##..
........# ##..... ### .


You could see a sleepcap, an orc, an endoplasm, a quokka and a hobgoblin.

Vanquished Creatures
  Sigmund (D:2)
  Menkaure (D:4)
  An orc priest (D:3)
  Jessica (D:2)
  An orc wizard (D:3)
  3 gnolls (D:3)
  3 adders (D:2)
  A ribbon worm (D:3)
  2 dart slugs (D:3)
  7 orcs (D:3)
  3 endoplasms
  4 giant cockroaches
  3 hobgoblins
  3 jackals (D:1)
  6 kobolds
  3 quokkas
  4 ball pythons
  3 bats
  3 frilled lizards
  2 goblins
  6 rats
61 creatures vanquished.

Notes
Turn   | Place    | Note
-------+----------+-------------------------------------------
     0 | D:1      | qw the Deep Elf Hunter began the quest for the Orb.
     0 | D:1      | Reached XP level 1. HP: 12/12 MP: 3/3
     0 | D:1      | 0 ||| qw: Version: 0.3-a-155-g5e7d8dd
     0 | D:1      | 0 ||| qw: Game counter: 1573
     0 | D:1      | 0 ||| qw: Melee chars always use a shield: true
     0 | D:1      | 0 ||| qw: God list: Okawaru
     0 | D:1      | 0 ||| qw: Allow faded altars: false
     0 | D:1      | 0 ||| qw: Do Orc after clearing Dungeon:15 true
     0 | D:1      | 0 ||| qw: Do second Lair branch before Depths: true
     0 | D:1      | 0 ||| qw: Lair rune preference: random
     0 | D:1      | 0 ||| qw: Goals: Normal
     0 | D:1      | 0 ||| PLANNING D:1-11
   411 | D:1      | Reached XP level 2. HP: 12/16 MP: 4/4
   431 | D:1      | Reached skill level 6 in Ranged Weapons
   682 | D:1      | 682 ||| UPGRADING to +0 pair of gloves.
   687 | D:1      | 687 ||| READING scroll labelled NUBIMPICERR.
   687 | D:1      | 687 ||| ENCHANTING +0 pair of gloves.
   688 | D:1      | 688 ||| READING scroll labelled NOCZIH EVYKLE.
   688 | D:1      | 688 ||| IDENTIFYING green potion
   689 | D:1      | 689 ||| READING scroll labelled EROAMAUMOF.
   693 | D:1      | 693 ||| DRINKING 2 sapphire potions.
   716 | D:1      | 716 ||| DROPPING scroll of butterflies.
   717 | D:1      | 717 ||| DROPPING potion of lignification.
   786 | D:2      | Noticed Sigmund
   789 | D:2      | 789 ||| FLEEEEING.
   790 | D:2      | 790 ||| DRINKING potion of curing.
   790 | D:2      | 790 ||| (to cure confusion)
   798 | D:2      | Killed Sigmund
   799 | D:2      | Reached skill level 8 in Ranged Weapons
   799 | D:2      | Reached XP level 3. HP: 18/20 MP: 5/5
   799 | D:2      | Reached XP level 4. HP: 22/25 MP: 6/6
   799 | D:2      | Reached XP level 5. HP: 26/29 MP: 7/7
   892 | D:2      | Noticed Jessica
   894 | D:2      | Killed Jessica
   895 | D:2      | Reached skill level 9 in Ranged Weapons
  1167 | D:2      | Reached skill level 3 in Dodging
  1337 | D:2      | 1337 ||| UPGRADING to +0 cloak.
  1342 | D:2      | 1342 ||| UPGRADING to +0 helmet.
  1347 | D:2      | 1347 ||| READING scroll labelled QELUXZ TOUTUOX.
  1448 | D:2      | 1448 ||| READING scroll labelled HISUDWEROS.
  1448 | D:2      | 1448 ||| ENCHANTING +0 shortbow.
  1449 | D:2      | 1449 ||| READING scroll labelled BEOSIV JEXOTZ.
  1734 | D:3      | Noticed Grinder
  1742 | D:3      | Paralysed by Grinder for 4 turns
  1743 | D:3      | HP: 4/30 [Grinder (5)]
  1746 | D:3      | 1746 ||| READING 2 scrolls of teleportation.
  1862 | D:3      | Reached XP level 6. HP: 35/35 MP: 8/8
  2124 | D:3      | Paralysed by Grinder for 5 turns
  2129 | D:3      | HP: 8/35 [Grinder/nerve-wracking pain (2)]
  2130 | D:3      | 2130 ||| READING scroll of teleportation.
  2132 | D:3      | HP: 2/35 [Grinder (4)]
  2330 | D:3      | 2330 ||| FLEEEEING.
  2331 | D:3      | 2331 ||| FLEEEEING.
  2332 | D:3      | 2332 ||| FLEEEEING.
  2333 | D:3      | 2333 ||| FLEEEEING.
  2334 | D:3      | 2334 ||| FLEEEEING.
  2335 | D:3      | 2335 ||| FLEEEEING.
  2686 | D:3      | 2686 ||| UPGRADING to +0 scale mail.
  2696 | D:3      | 2696 ||| DROPPING +0 leather armour.
  2697 | D:3      | 2697 ||| UPGRADING to ring of positive energy.
  2698 | D:3      | 2698 ||| READING 2 scrolls of identify.
  2698 | D:3      | 2698 ||| IDENTIFYING pink potion
  2699 | D:3      | 2699 ||| READING scroll of identify.
  2699 | D:3      | 2699 ||| IDENTIFYING fuming purple potion
  2700 | D:3      | 2700 ||| DROPPING potion of brilliance.
  2766 | D:4      | Noticed Menkaure
  2773 | D:4      | Killed Menkaure
  2778 | D:4      | HP: 8/35 [sleepcap (3)]
  2781 | D:4      | HP: 3/35 [quokka (4)]
  2782 | D:4      | Slain by a sleepcap

Levels and vault maps discovered:
D:1:      wheals_arrival_linesprint, layout_basic
D:2:      layout_rooms, serial_aquarium, aquarium_bridge_island_small
          [aquarium_subvault_small_open, aquarium_subvault_wall,
          aquarium_subvault_bridge, aquarium_subvault_wall,
          aquarium_subvault_bridge], aquarium_window_corridor_3,
          aquarium_window_corner, aquarium_view_2c, aquarium_view_2d,
          aquarium_pool_split, minmay_crystal_room, minmay_pentomino_pile,
          uniq_sigmund, uniq_jessica
D:3:      cheibrodos_old_hovel, layout_basic, kennysheep_generic_room_13,
          uniq_grinder
D:4:      layout_cave_pools, uniq_menkaure

Skill      XL: |  1  2  3  4  5  6 |
---------------+-------------------+-----
Ranged Weapons | 8 9 |  9.7
Dodging        | 3 |  3.0
Fighting       | 2 |  2.1
Armour         | 2 |  2.0
Stealth        | |  1.2

Action                     |  1- 3 |  4- 6 || total
---------------------------+-------+-------++-------
   Fire: Shortbow          |    62 |   142 ||   204
    Use: Scroll            |     3 |     7 ||    10
         Potion            |     2 |       ||     2
 Armour: Leather armour    |    13 |    27 ||    40
         Scale mail        |       |    22 ||    22
  Dodge: Dodged            |    13 |    21 ||    34

Table legend:
 A = Non-vault XP
 B = Vault XP
 C = Vault XP percentage of total XP
 D = Non-vault monster count
 E = Vault monster count
 F = Vault count percentage of total count
                 A         B        C        D         E       F
            +---------+---------+-------+---------+---------+-------
      Total |     249 |     426 |  63.1 |      54 |       7 |  11.5
            +---------+---------+-------+---------+---------+-------
        D:1 |      18 |       0 |   0.0 |      12 |       0 |   0.0
        D:2 |      57 |     266 |  82.4 |      14 |       4 |  22.2
        D:3 |     174 |       3 |   1.7 |      28 |       2 |   6.7
        D:4 |       0 |     157 | 100.0 |       0 |       1 | 100.0
            +---------+---------+-------+---------+---------+-------
